 Dungeon Crawl Stone Soup version 0.19-a0-1513-gf6d23ed (webtiles) character file.

34 rlgrobin the Ducker (level 3, -2/18 HPs)
             Began as a Spriggan Gladiator on Sept 12, 2016.
             Killed by triggering an arrow trap (8 damage)
             ... in an ossuary.
             The game lasted 00:02:51 (1249 turns).

rlgrobin the Ducker (Spriggan Gladiator)            Turns: 1249, Time: 00:02:52

Health: -2/18      AC:  2    Str: 11    XL:     3   Next: 14%
Magic:  4/4        EV: 20    Int:  9    God:
Gold:   55         SH:  0    Dex: 17    Spells: 0 memorised, 2 levels left

rFire  . . .     SeeInvis +     a - +0 quarterstaff
rCold  . . .     Gourm    .     b - +0 robe
rNeg   + . .     Faith    .     (shield currently unavailable)
rPois  .         Spirit   .     c - +0 hat
rElec  .         Dismiss  .     (no cloak)
rCorr  .         Reflect  .     (gloves unavailable)
MR     .....     Harm     .     (boots unavailable)
Stlth  +++.......               (no amulet)
                                (no ring)
                                m - ring of positive energy

@: very quick
A: unfitting armour, see invisible, herbivore 3, speed 3, slow metabolism 2
a: no special abilities


You were in an ossuary.
You were not hungry.

You visited 1 branch of the dungeon, and saw 5 of its levels.
You also visited: Ossuary.

You collected 55 gold pieces.

Inventory:

Hand Weapons
 a - a +0 quarterstaff (weapon)
 e - a +4 dagger of venom
Missiles
 d - 3 throwing nets
 h - 36 stones (quivered)
Armour
 b - a +0 robe (worn)
 c - a +0 hat (worn)
Jewellery
 m - a ring of positive energy (left hand)
Scrolls
 g - a scroll of identify
 k - a scroll of teleportation
Potions
 i - a potion of heal wounds
 l - a potion of curing {unknown}
Comestibles
 f - 2 bread rations
 j - a slice of pizza


   Skills:
 - Level 1.5 Fighting
 - Level 2.1 Staves
 + Level 2.6 Throwing
 - Level 4.4 Dodging
 - Level 3.7 Stealth


You had 2 spell levels left.
You didn't know any spells.

Dungeon Overview and Level Annotations

Branches:
Dungeon (5/15)
 Temple: D:4-7

Altars:


Innate Abilities, Weirdness & Mutations

You are tiny and cannot use many weapons and most armour.
You have supernaturally acute eyesight. (SInv)
You are a herbivore.
You cover ground extremely quickly.
You need consume almost no food.


Message History

The adder zombie is severely damaged.
The adder zombie bites you.
You completely miss the adder zombie.
The adder zombie is severely damaged.
The adder zombie bites you but does no damage.
The adder zombie closely misses you.
A poisoned needle shoots out and hits you!
There is a needle trap here.
Throwing (i - inventory. (,) - cycle):
h - 37 stones (quivered)
Press: ? - help, Shift-Dir - straight line, f - adder zombie
Aim: an adder zombie (severely damaged)
You throw a stone. The stone hits the adder zombie.
The adder zombie is almost destroyed.
You hit the adder zombie.
The adder zombie is almost destroyed.
The adder zombie bites you but does no damage.
A poisoned needle hits the adder zombie!
The adder zombie bites you. An arrow shoots out and hits you!
You die...

#### #########
#!?!!#...#..∩#
+!/!!#.∩.'.^.#
#!!!?#...#...#
#### #####^^.#
#...# ##'##
#.^@# #.^.#
#..^# #.ZZ#
##(## #...
#...# #..Z#
#...#


You could see 2 adder zombies.

Vanquished Creatures
  An adder zombie (Ossuary)
  2 worms (D:2)
  A dart slug (D:1)
  2 goblins (D:1)
  2 hobgoblins
  4 jackals (D:1)
  2 kobolds
  3 bats (D:1)
  3 hobgoblin zombies (Ossuary)
  A kobold zombie (Ossuary)
  2 rats (D:1)
23 creatures vanquished.

Notes
Turn   | Place    | Note
-------+----------+-------------------------------------------
     0 | D:1      | rlgrobin the Spriggan Gladiator began the quest for the Orb.
     0 | D:1      | Reached XP level 1. HP: 10/10 MP: 2/2
    69 | D:1      | Reached skill level 1 in Stealth
   210 | D:1      | Reached XP level 2. HP: 5/14 MP: 3/3
   796 | D:5      | Entered Level 5 of the Dungeon
   796 | D:5      | Noticed a howler monkey
   797 | D:5      | Noticed a phantom
   800 | D:5      | Found a sand-covered staircase.
   803 | D:5      | Noticed a centaur
   805 | Ossuary  | Entered an ossuary
   820 | Ossuary  | Reached XP level 3. HP: 3/18 MP: 4/4
  1249 | Ossuary  | Killed by triggering an arrow trap

Vault maps used:
D:1:      lemuel_arrival_broad_hall, minmay_box_of_dots
D:3:      minmay_splitting_lines, uniq_crazy_yiuf_cottage, uniq_natasha
D:4:      minmay_misc_feat_cross
D:5:      kennysheep_windowed_halls, grunt_temple_overflow_magic_moments,
          first_bread, lightli_ossuary_entry_decrepit_ruins, tgw_xom
Ossuary:  ossuary_tomb_2

Skill      XL: |  1  2 |
---------------+-------+-----
Stealth        | 2 3 |  3.7
Fighting       | |  1.5
Staves         | |  2.1
Throwing       | |  2.6
Dodging        | |  4.4

Action                   || total
-------------------------++-------
Melee: Quarterstaff      ||    71
       Dagger            ||    12
Throw: Stone             ||     9
  Use: Scroll            ||     2
 Stab: Sleeping          ||     1
Armor: Robe              ||     7
Dodge: Dodged            ||    84
